 Dungeon Crawl Stone Soup version 0.19.0-19-g8c6edcc (webtiles) character file.

526 Exaltedone87 the Chopper (level 7, -6/63 HPs)
             Began as a Deep Dwarf Fighter on Nov 14, 2016.
             Mangled by Menkaure (18 damage)
             ... on level 4 of the Dungeon.
             The game lasted 00:06:02 (1654 turns).

Exaltedone87 the Chopper (Deep Dwarf Fighter)       Turns: 1654, Time: 00:06:03

Health: -6/63      AC:  7    Str: 21    XL:     7   Next: 2%
Magic:  6/6        EV:  9    Int:  9    God:
Gold:   119        SH: 10    Dex: 12    Spells: 0 memorised, 6 levels left

rFire  . . .     SeeInvis .     a - +0 war axe
rCold  . . .     Gourm    .     b - +0 scale mail
rNeg   . . .     Faith    .     c - +0 shield
rPois  .         Spirit   .     (no helmet)
rElec  .         Reflect  .     (no cloak)
rCorr  .         Harm     .     (no gloves)
MR     +....                    (no boots)
Stlth  ..........               (no amulet)
                                (no ring)
                                (no ring)

@: non-regenerating
A: damage resistance, recharge devices, sense surroundings 1, slow regeneration
3
a: Device Recharging


You were on level 4 of the Dungeon.
You were not hungry.

You visited 1 branch of the dungeon, and saw 4 of its levels.

You collected 119 gold pieces.

Inventory:

Hand Weapons
 a - a +0 war axe (weapon)
Armour
 b - a +0 scale mail (worn)
 c - a +0 shield (worn)
Wands
 d - a wand of polymorph (6/24)
 e - a wand of heal wounds (2/9)
 w - a wand of slowing (24/48)
Scrolls
 i - a scroll of enchant weapon {unknown}
 j - a scroll of amnesia {unknown}
 k - a scroll of identify {unknown}
 l - 2 scrolls of remove curse {unknown}
 n - a scroll of immolation {unknown}
 o - 2 scrolls of magic mapping {unknown}
 q - a scroll of teleportation {unknown}
 s - a scroll of blinking {unknown}
 u - a scroll of random uselessness {unknown}
Potions
 g - a potion of haste {unknown}
 h - 2 potions of degeneration {unknown}
 m - a potion of heal wounds {unknown}
 p - a potion of agility {unknown}
 r - a potion of brilliance {unknown}
 t - a potion of beneficial mutation {unknown}
Comestibles
 f - 3 bread rations
 v - 2 chunks of flesh


   Skills:
 + Level 3.9 Fighting
 * Level 5.1 Axes
 + Level 4.9 Armour
 + Level 2.4 Dodging
 + Level 4.4 Shields
 - Level 0.6 Evocations


You had 6 spell levels left.
You didn't know any spells.

Dungeon Overview and Level Annotations

Branches:
Dungeon (4/15)
 Temple: D:4-7

Altars:
Cheibriados
Elyvilon
Hepliaklqana
Ru
Zin

Shops:
D:4 :

Annotations:
D:4 Menkaure


Innate Abilities, Weirdness & Mutations

You are resistant to damage.
You can recharge devices by infusing magical energy.
You passively map a small area around you.
You do not regenerate.


Message History

Menkaure gestures at you while chanting.
Pain shoots through your body! Menkaure hits you.
You hit Menkaure but do no damage.
Menkaure mumbles some strange words.
Menkaure seems to speed up.
You slash Menkaure!
Menkaure is moderately damaged.
Menkaure casts a spell.
Menkaure gestures at you while chanting.
You resist with significant effort.
You hit Menkaure but do no damage.
Menkaure is moderately damaged.
You block Menkaure's attack.
You hit Menkaure.
Menkaure is severely damaged.
Menkaure hits you!
* * * LOW HITPOINT WARNING * * *
Menkaure hits you!!
You die...

, , , * ######## *
* , .......## ,*
*#..##...####* , #.
#.. ........
#.###.###...#####,,
#.##.....@M.>....
#.##..####.#####. *
#.....# .# #.#.###
.# *, #.#.######.#
* * #..........#
#.#.# ,
#.#.######## #.#.#
* #.#.# #.#.# *
#.#.# #.#.###


You could see Menkaure.

Vanquished Creatures
  Duvessa (D:4)
  The ghost of executioneer the Gusty, an amateur FeAE (D:4)
  Blork the orc (D:4)
  Dowan (D:4)
  A hound (D:4)
  A worker ant (D:4)
  4 gnolls (D:2)
  5 adders
  2 dart slugs
  2 worms
  3 leopard geckos
  2 orcs
  A ball python (D:4)
  A giant cockroach (D:3)
  10 goblins
  9 hobgoblins
  5 jackals
  A quokka (D:4)
  5 bats
  4 frilled lizards
  5 kobolds
  7 rats
72 creatures vanquished.

Notes
Turn   | Place    | Note
-------+----------+-------------------------------------------
     0 | D:1      | Exaltedone87 the Deep Dwarf Fighter began the quest for the Orb.
     0 | D:1      | Reached XP level 1. HP: 20/20 MP: 1/1
    70 | D:1      | Reached XP level 2. HP: 25/27 MP: 2/2
   310 | D:1      | You fall through a shaft!
   381 | D:2      | Reached XP level 3. HP: 24/34 MP: 3/3
   781 | D:2      | Reached XP level 4. HP: 20/42 MP: 4/4
   786 | D:2      | Reached skill level 3 in Axes
   790 | D:2      | HP: 2/42 [gnoll/spear (6)]
  1034 | D:3      | Found a snail-covered altar of Cheibriados.
  1049 | D:3      | Reached XP level 5. HP: 23/49 MP: 5/5
  1446 | D:4      | Found a sacrificial altar of Ru.
  1447 | D:4      | Found a glowing silver altar of Zin.
  1447 | D:4      | Found a hazy altar of Hepliaklqana.
  1448 | D:4      | Found a white marble altar of Elyvilon.
  1468 | D:4      | Noticed executioneer's ghost (amateur FeAE)
  1500 | D:4      | Killed executioneer's ghost
  1500 | D:4      | Reached skill level 4 in Axes
  1500 | D:4      | Reached skill level 1 in Dodging
  1503 | D:4      | Reached XP level 6. HP: 11/56 MP: 6/6
  1556 | D:4      | Found Husiem's Book Boutique.
  1590 | D:4      | Noticed Blork the orc
  1592 | D:4      | Noticed Duvessa
  1592 | D:4      | Noticed Dowan
  1601 | D:4      | Killed Duvessa
  1608 | D:4      | Killed Dowan
  1608 | D:4      | Killed Blork the orc
  1608 | D:4      | Reached skill level 5 in Axes
  1608 | D:4      | Reached XP level 7. HP: 37/63 MP: 6/6
  1646 | D:4      | Noticed Menkaure
  1654 | D:4      | Mangled by Menkaure

Skill      XL: |  1  2  3  4  5  6 |
---------------+-------------------+-----
Fighting       | 3 |  3.9
Armour         | 4 |  4.9
Axes           | 3 4 5 |  5.1
Dodging        | 1 2 |  2.4
Shields        | 4 |  4.4
Evocations     | |  0.6

Action                   |  1- 3 |  4- 6 |  7- 9 || total
-------------------------+-------+-------+-------++-------
Melee: War axe           |   105 |   163 |     4 ||   272
 Abil: Device Recharging |       |     1 |       ||     1
Evoke: Wand              |     2 |     6 |       ||     8
  Use: Potion            |       |     2 |       ||     2
  Eat: Chunk             |       |     3 |       ||     3
Armor: Scale mail        |    40 |    78 |       ||   118
Dodge: Dodged            |    46 |    58 |       ||   104
Block: Shield            |    68 |   106 |     1 ||   175
